 Dungeon Crawl Stone Soup version 0.28.0 (webtiles) character file.

Game seed: 7368250444728333781

1050 sanka the Conjurer (level 8, -3/42 HPs)
             Began as a Deep Elf Transmuter on Feb 10, 2022.
             Killed from afar by Ijyb (45 damage)
             ... with a bolt of acid
             ... on level 5 of the Dungeon.
             The game lasted 00:13:00 (7592 turns).

sanka the Conjurer (Deep Elf Transmuter)            Turns: 7592, Time: 00:13:01

Health: -3/42      AC:  5    Str: 13    XL:     8   Next: 5%
Magic:  2/17       EV: 12    Int: 21    God:
Gold:   279        SH:  0    Dex: 15    Spells: 4/17 levels left

rFire   . . .      SeeInvis .     - Unarmed
rCold   . . .      Faith    .   (no shield)
rNeg    . . .      Spirit   .   a - +0 robe
rPois   .          Reflect  .   t - +2 hat
rElec   .          Harm     .   (no cloak)
rCorr   .          Rampage  .   (no gloves)
Will    .....                   f - +0 pair of boots
Stlth   +.........              (no amulet)
HPRegen 0.14/turn               q - +6 ring of strength
MPRegen 0.15/turn               r - +4 ring of slaying

@: no status effects
A: no striking features
a: no special abilities


You were on level 5 of the Dungeon.
You visited 1 branch of the dungeon, and saw 5 of its levels.

You collected 279 gold pieces.

Inventory:

Missiles
 h - 112 stones
Armour
 a - a +0 robe (worn)
 e - a +0 helmet
 f - a +0 pair of boots (worn)
 t - a +2 hat (worn)
Magical Staves
 s - a staff of fire
Jewellery
 q - a +6 ring of strength (left hand)
 r - a +4 ring of slaying (right hand)
 v - a ring of protection from fire
Scrolls
 b - 6 scrolls of identify {unknown}
 c - a scroll of torment {unknown}
 g - 4 scrolls of teleportation {unknown}
 i - a scroll of noise {unknown}
 j - a scroll of holy word {unknown}
 k - 5 scrolls of enchant weapon {unknown}
 w - a scroll of amnesia {unknown}
Potions
 d - a potion of lignification {unknown}
 l - 2 potions of degeneration {unknown}
 m - 2 potions of ambrosia {unknown}
 n - 2 potions of brilliance {unknown}
 o - a potion of resistance {unknown}
 p - a potion of might {unknown}
 u - a potion of flight {unknown}


   Skills:
 - Level 0.7 Fighting
 - Level 2.4 Dodging
 - Level 2.4 Unarmed Combat
 + Level 5.3 Spellcasting
 + Level 6.6 Conjurations
 + Level 2.9 Hexes
 - Level 2.1 Transmutations
 - Level 6.0 Earth Magic


You had 4 spell levels left.
You knew the following spells:

 Your Spells              Type           Power      Damage    Failure   Level
a - Beastly Appendage     Tmut           28%        N/A       4%          1
b - Stone Arrow           Conj/Erth      64%        3d11      2%          3
c - Sandblast             Erth           60%        2d14      1%          1
d - Passwall              Tmut/Erth      18%        N/A       3%          2
e - Searing Ray           Conj           66%        2d6       1%          2
f - Fulminant Prism       Conj/Hex       12%        3d9       14%         4

Your spell library contained the following spells:

 Spells                   Type           Power      Damage    Failure   Level
 Magic Dart               Conj           100%       1d8       1%          1
 Wereblood                Tmut           14%        N/A       6%          2
 Corpse Rot               Necr/Air       10%        N/A       16%         2
 Poisonous Vapours        Pois/Air       10%        N/A       16%         2
 Spider Form              Tmut/Pois      10%        N/A       21%         3
 Ice Form                 Ice/Tmut       10%        N/A       54%         4


Dungeon Overview and Level Annotations

Branches:
Dungeon (5/15)
 Temple: D:4-7

Altars:
Gozag
Makhleb

Shops:
D:2 (

Portals:
Abyss: D:3

Annotations:
D:3 2 transporters, braks's ghost, amateur DjAr
D:5 Ijyb


Message History

Items here: )) [[.
You see here a +0 flail.
Found 19 sling bullets.
You see here 19 sling bullets.
An orc comes into view. It is wielding a +0 mace.
Found a scroll labelled VUNTOS SUHUKHO.
Found a burning altar of Makhleb.
An orc is nearby!
The stone arrow hits the orc!
You kill the orc!
Unknown command.
Found 17 arrows.
Found 6 silver javelins.
Found a stone staircase leading up.
Found a stone staircase leading down.
An adder comes into view.
Found a scroll labelled VUNTOS SUHUKHO.
The adder hisses angrily.
The stone arrow misses the adder.
The stone arrow misses the adder.
The adder barely misses you.
The stone arrow hits the adder!
You kill the adder!
You can't see any susceptible monsters within range! (Use Z to cast anyway.)
You start resting.
Magic restored.
There is a stone staircase leading down here.
b - 6 scrolls labelled VUNTOS SUHUKHO (gained 1)
You open the door.
Ijyb the Twisted Goblin comes into view.
She is wielding a +0 club and carrying a wand of acid (8).
There is an open door here.
Ijyb is nearby!
You can't see any susceptible monsters within range! (Use Z to cast anyway.)
The stone arrow hits Ijyb!
Ijyb is heavily wounded.
The stone arrow hits Ijyb.
Ijyb is heavily wounded.
The stone arrow misses Ijyb.
Ijyb barely misses you.
The stone arrow misses Ijyb.
Ijyb barely misses you.
The stone arrow misses Ijyb.
Ijyb zaps a wand.
The bolt of acid hits you!!!
Ouch! That really hurt!
You die...

#......# ..... #...##...#
#...##.#########...###..#
#...##.............##.).#
#....(..##...##.......).#
#.......##...##.....)...#
#........#...##....##.>##
#........#...########..##
#.....†..#.g............#
#.....<..#.@............#
#.......>#.........##..#####
#........'......... #..##..#
#........#...##.... #.......
#........#...##.... #.......
#........#......... #..##...
#.......##...##.. . #####...
...##.. ##### . #....... ...
#.. #.......


You could see Ijyb.

Vanquished Creatures
  Sigmund (D:5)
  Duvessa (D:5)
  An ogre (D:5)
  A black bear (D:4)
  2 phantoms
  A scorpion (D:4)
  Dowan (D:5)
  A howler monkey (D:4)
  An orc priest (D:5)
  An iguana (D:4)
  Terence (D:2)
  An orc wizard (D:5)
  A killer bee zombie (D:4)
  A howler monkey skeleton (D:5)
  7 adders
  A white imp (D:5)
  2 ufetubi (D:4)
  An adder skeleton (D:4)
  2 worms
  5 dart slugs
  6 orcs
  9 ball pythons
  6 bats
  4 endoplasms
  3 giant cockroaches
  12 goblins
  3 hobgoblins
  A quokka (D:4)
  8 frilled lizards
  6 kobolds
  10 rats
101 creatures vanquished.

Notes
Turn   | Place    | Note
-------+----------+-------------------------------------------
     0 | D:1      | sanka the Deep Elf Transmuter began the quest for the Orb.
     0 | D:1      | Reached XP level 1. HP: 11/11 MP: 6/6
   261 | D:1      | Reached XP level 2. HP: 16/16 MP: 6/8
   795 | D:1      | Reached skill level 1 in Earth Magic
   861 | D:1      | Reached skill level 1 in Conjurations
  1283 | D:2      | Found Sileon Gotho's Weapon Shop.
  1444 | D:2      | Reached XP level 3. HP: 15/20 MP: 8/10
  1527 | D:2      | Learned a level 3 spell: Stone Arrow
  1807 | D:1      | Learned a level 1 spell: Sandblast
  1810 | D:1      | Learned a level 2 spell: Passwall
  2350 | D:2      | Reached XP level 4. HP: 24/24 MP: 10/12
  3017 | D:2      | Noticed Terence
  3076 | D:2      | Killed Terence
  3654 | D:3      | Noticed a small abomination
  4404 | D:3      | Noticed a small abomination
  4471 | D:3      | Found a transporter.
  4476 | D:3      | Found a transporter.
  4491 | D:3      | Found a one-way gate to the infinite horrors of the Abyss.
  4491 | D:3      | Noticed braks's ghost (amateur DjAr)
  4582 | D:3      | Reached XP level 5. HP: 28/28 MP: 11/13
  5560 | D:4      | Learned a level 2 spell: Searing Ray
  5882 | D:4      | Noticed a phantom
  5888 | D:4      | Killed a phantom
  5889 | D:4      | Reached XP level 6. HP: 33/33 MP: 3/14
  6249 | D:5      | Entered Level 5 of the Dungeon
  6257 | D:5      | Noticed Duvessa
  6263 | D:5      | Noticed Dowan
  6264 | D:5      | Killed Duvessa
  6265 | D:5      | Reached skill level 5 in Earth Magic
  6310 | D:4      | Reached skill level 5 in Conjurations
  6551 | D:5      | Killed Dowan
  6552 | D:5      | Reached XP level 7. HP: 17/37 MP: 8/15
  6723 | D:5      | Found an opulent altar of Gozag.
  6724 | D:5      | Noticed Sigmund
  6733 | D:5      | Killed Sigmund
  6807 | D:4      | Learned a level 4 spell: Fulminant Prism
  6813 | D:4      | Reached skill level 1 in Hexes
  6989 | D:5      | Reached skill level 5 in Spellcasting
  7329 | D:5      | Reached XP level 8. HP: 42/42 MP: 1/17
  7472 | D:5      | Found a burning altar of Makhleb.
  7585 | D:5      | Noticed Ijyb
  7592 | D:5      | Killed from afar by Ijyb

Illustrated notes

Levels and vault maps discovered:
D:1:      dpeg_arrival_arbitrary_c, layout_basic, serial_curves, eino_curves_01,
          eino_curves_02, minmay_tree_intersection, minmay_door_square,
          minmay_tetromino_o2
D:2:      layout_basic, serial_shops, shop, uniq_terence
D:3:      layout_loops_cross, gammafunk_ghost_abyssal_escape
D:4:      layout_rooms
D:5:      layout_gridville, grunt_gozag_breadcrumbs, lemuel_tele_altar,
          uniq_duvessa, uniq_ijyb, uniq_sigmund

Skill      XL: |  1  2  3  4  5  6  7 |
---------------+----------------------+-----
Spellcasting   | 4 5 |  5.3
Earth Magic    | 1 2 3 4 5 6 |  6.0
Conjurations   | 1 2 4 5 6 |  6.6
Hexes          | 2 |  2.9
Fighting       | |  0.7
Dodging        | |  2.4
Unarmed Combat | |  2.4
Transmutations | |  2.1

Action                   |  1- 3 |  4- 6 |  7- 9 || total
-------------------------+-------+-------+-------++-------
Melee: Unarmed           |    80 |    90 |     8 ||   178
       Headbutt          |    15 |    11 |     1 ||    27
       Kick              |    14 |    30 |     2 ||    46
       Punch             |     2 |     3 |       ||     5
 Cast: Beastly Appendage |    32 |    32 |     1 ||    65
       Sandblast         |     6 |    27 |     4 ||    37
       Stone Arrow       |       |    16 |    28 ||    44
 Stab: Sleeping          |     1 |     2 |       ||     3
Armor: Robe              |    11 |    21 |    20 ||    52
Dodge: Dodged            |    40 |    79 |    24 ||   143
